 Dungeon Crawl Stone Soup version 0.24.0-123-gd5b16e6ec5 (webtiles) character file.

Game seed: 5561889100817888227, levelgen mode: deterministic

3024 DavidChitty2 the Destroyer (level 9, -1/79 HPs)
             Began as a Black Draconian Conjurer on Jan 15, 2020.
             Was a Follower of Vehumet.
             Slain by a white ugly thing (27 damage)
             ... on level 7 of the Dungeon.
             The game lasted 00:20:44 (9851 turns).

DavidChitty2 the Destroyer (DrCj)                   Turns: 9851, Time: 00:20:45

Health: -1/79      AC: 11    Str: 11    XL:     9   Next: 55%
Magic:  1/18       EV: 12    Int: 19    God:    Vehumet [*.....]
Gold:   148        SH:  0    Dex: 11    Spells: 8/20 levels left

rFire    . . .     SeeInvis .   a - +1 hunting sling
rCold    . . .     Gourm    .   (no shield)
rNeg     . . .     Faith    .   (armour unavailable)
rPois    +         Spirit   .   r - +2 hat {MR+}
rElec    +         Reflect  .   w - +0 cloak {MR+}
rCorr    +         Harm     .   p - +0 pair of gloves
MR       ++...                  (no boots)
Stlth    ++........             (no amulet)
HPRegen  0.23/turn              t - ring of poison resistance
MPRegen  0.16/turn              m - ring of resist corrosion

@: slowed, very slow
A: breathe lightning, unfitting armour, electricity resistance, cold-blooded, AC
+7
a: Breathe Lightning, Renounce Religion


You were on level 7 of the Dungeon.
You worshipped Vehumet.
Vehumet was aware of your devotion.
You were near starving.

You visited 2 branches of the dungeon, and saw 8 of its levels.

You collected 323 gold pieces.
You spent 175 gold pieces at shops.

Inventory:

Hand Weapons
 a - a +1 hunting sling (weapon)
   (You found it on level 1 of the Dungeon)
 b - a +0 spear of venom
   (You took it off Robin on level 2 of the Dungeon)
 h - a +0 whip of electrocution
   (You found it on level 2 of the Dungeon)
Missiles
 f - 284 stones (quivered)
 l - 24 sling bullets
 n - a throwing net {!f}
Armour
 p - a +0 pair of gloves (worn)
   (You found it on level 4 of the Dungeon)
 r - a +2 hat of magic resistance (worn)
   (You bought it in a shop on level 5 of the Dungeon)
 w - a +0 cloak of magic resistance (worn)
   (You acquired it on level 7 of the Dungeon)
Jewellery
 i - a +2 ring of dexterity
   (You found it on level 1 of the Dungeon)
 m - a ring of resist corrosion (right hand)
   (You found it on level 5 of the Dungeon)
 t - a ring of poison resistance (left hand)
   (You found it on level 6 of the Dungeon)
Wands
 d - a wand of iceblast (8)
   (You found it on level 7 of the Dungeon)
 u - a wand of paralysis (8)
   (You found it on level 6 of the Dungeon)
 x - a wand of acid (3)
   (You took it off Pikel on level 6 of the Dungeon)
Scrolls
 c - 2 scrolls of teleportation {@r4}
 k - 2 scrolls of identify {@r1}
 q - 5 scrolls of remove curse {@r2}
 s - a scroll of enchant armour
 z - a scroll of enchant weapon
Potions
 g - a potion of berserk rage
 j - a potion of might
 v - a potion of curing {@q1}
 y - a potion of ambrosia
Comestibles
 e - 11 rations {!d}


   Skills:
 + Level 7.0 Fighting
 - Level 1.7 Dodging
 - Level 1.7 Stealth
 + Level 6.3 Spellcasting
 * Level 10.2 Conjurations
 + Level 1.3 Charms


You had 8 spell levels left.
You knew the following spells:

 Your Spells              Type           Power        Failure   Level  Hunger
a - Magic Dart            Conj           ####         1%          1    None
i - Iskenderun's Battles  Conj/Chrm      ####....     28%         5    #####..
s - Searing Ray           Conj           #####.       1%          2    None
x - Iskenderun's Mystic   Conj           #####...     1%          4    ####...

Your spell library contained the following spells:

 Spells                   Type           Power        Failure   Level  Hunger
 Freeze                   Ice            #...         11%         1    None
 Dazzling Spray           Conj/Hex       ####..       4%          3    ##.....
 Song of Slaying          Chrm           ##......     10%         2    None
 Beastly Appendage        Tmut           #.....       11%         1    None
 Sandblast                Erth           #.....       11%         1    None
 Shroud of Golubria       Chrm/Tloc      #.....       12%         2    None
 Swiftness                Chrm/Air       #.......     12%         2    None
 Force Lance              Conj/Tloc      ####....     13%         4    ####...
 Fulminant Prism          Conj/Hex       ####......   13%         4    ####...
 Sticks to Snakes         Tmut           #.......     16%         2    None
 Spectral Weapon          Hex/Chrm       #.......     24%         3    ##.....
 Spider Form              Tmut/Pois      #.........   32%         3    ##.....
 Bolt of Magma            Conj/Fire/Erth ###.......   58%         5    #####..
 Ice Form                 Ice/Tmut       #.......     71%         4    ####...
 Blade Hands              Tmut           #.........   96%         5    #####..


Dungeon Overview and Level Annotations

Branches:
Dungeon (7/15)             Temple (1/1) D:6

Altars:
Ashenzari
Cheibriados
Dithmenos
Elyvilon
Fedhas
Gozag
Hepliaklqana
Kikubaaqudgha
Makhleb
Nemelex Xobeh
Okawaru
Qazlal
Ru
Sif Muna
Trog
Uskayaw
Vehumet
Wu Jian
Zin
The Shining One

Shops:
D:5 [   D:6 *


Innate Abilities, Weirdness & Mutations

You can breathe wild blasts of lightning.
Your glossy black scales are hard. (AC +7)
You cannot fit into any form of body armour.
You are resistant to electric shocks. (rElec)
You are cold-blooded and may be slowed by cold attacks.


Message History

f - 231 stones (gained 1)
f - 243 stones (gained 12)
f - 277 stones (gained 34)
c - 2 scrolls of teleportation {@r4} (gained 1)
You now have 148 gold pieces (gained 12).
Items here: ))))) ÷÷ ††
Items here: )) ÷ † a +0 short sword x2; a kobold corpse; a kobold skeleton
f - 280 stones (gained 3)
f - 284 stones (gained 4)
Found 12 bolts.
You are feeling very hungry.
There is an open door here.
You open the door.
There is an open door here.
Found a robe.
You see here a robe.
A white ugly thing comes into view.
Found a stone staircase leading down.
Aim: a white ugly thing (resting)
The magic dart hits the white ugly thing!
The white ugly thing gurgles horribly!
You see here a robe.
Aim: a white ugly thing (lightly wounded)
The searing ray misses the white ugly thing. (Press . to maintain the ray.)
The searing ray misses the white ugly thing.
The searing ray hits the white ugly thing!
The white ugly thing punches you. The white ugly thing freezes you!!
The searing ray hits the white ugly thing!
You finish channeling your searing ray.
The white ugly thing completely misses you.
Aim: a white ugly thing (moderately wounded)
The orb of energy hits the white ugly thing!
The white ugly thing misses you.
Aim: a white ugly thing (heavily wounded)
The orb of energy hits the white ugly thing!
The orb of energy explodes!
The white ugly thing punches you! The white ugly thing freezes you!
You feel yourself slow down.
* * * LOW HITPOINT WARNING * * *
Aim: a white ugly thing (severely wounded)
The orb of energy hits the white ugly thing!!
The orb of energy explodes!
You are near starving!
The white ugly thing punches you.
* * * LOW HITPOINT WARNING * * *
The white ugly thing freezes you!!
You feel as though you will be slow longer.
You die...

#..........# #.# #..........#
#.### ############ #..........#
#.#.#
...........###..........#####.#..
.............##'##..###..)....#.#
.............##.##..# #.####..#.#
.............##.###.###.####.....
.......##....##.###..##.....#.#.#
.......##....##.@u..........÷.#.#
.......##....#######.....#.####.#
......###.(..# #..##.#.# #.#
......# #....# ##u# .#.# #.#
......# #....# ># #.# #.# ......#
###### ## #.# #.# ......# #.#
......# #<# ......# ###


You could see a white ugly thing.

Vanquished Creatures
  Pikel (D:6)
  Duvessa (D:6)
  A black bear (D:1)
  A slave (D:5)
  3 orc warriors
  A sky beast (D:6)
  An ice beast (D:5)
  A phantom (D:5)
  4 ogres
  A centaur (D:5)
  A big kobold (D:7)
  3 bullfrogs
  Dowan (D:5)
  A scorpion (D:7)
  2 howler monkeys
  2 crimson imps
  A bullfrog skeleton (D:6)
  A bullfrog zombie (D:3)
  5 hounds
  6 orc priests
  A jelly (D:7)
  A centaur skeleton (D:5)
  Ijyb (D:5)
  An iguana (D:5)
  An orc wizard (D:7)
  5 worker ants
  Robin (D:2)
  3 gnolls (D:3)
  6 adders
  A river rat (D:6)
  A shadow imp (D:6)
  An ooze (D:3)
  3 adder skeletons
  4 worms
  3 dart slugs
  5 leopard geckos
  11 orcs
  2 ball pythons
  7 bats
  8 giant cockroaches
  15 goblins
  11 hobgoblins
  7 jackals
  4 quokkas
  4 frilled lizards (D:3)
  A jackal skeleton (D:5)
  9 kobolds
  A quokka skeleton (D:3)
  3 quokka zombies
  10 rats
169 creatures vanquished.

Notes
Turn   | Place    | Note
-------+----------+-------------------------------------------
     0 | D:1      | DavidChitty2 the Draconian Conjurer began the quest for the
                  | Orb.
     0 | D:1      | Reached XP level 1. HP: 14/14 MP: 3/3
   305 | D:1      | Reached XP level 2. HP: 22/22 MP: 1/5
   352 | D:1      | Learned a level 2 spell: Searing Ray
   550 | D:1      | Reached skill level 1 in Fighting
  1005 | D:2      | Reached XP level 3. HP: 27/28 MP: 2/6
  1041 | D:2      | Found a sparkling altar of Nemelex Xobeh.
  1481 | D:2      | Noticed Robin
  1488 | D:2      | Killed Robin
  1488 | D:2      | Reached XP level 4. HP: 36/36 MP: 3/7
  1628 | D:2      | Reached skill level 5 in Conjurations
  1698 | D:2      | Learned a level 4 spell: Iskenderun's Mystic Blast
  1727 | D:2      | Noticed a black bear
  1756 | D:1      | Killed a black bear
  1756 | D:1      | Reached XP level 5. HP: 33/42 MP: 5/9
  2623 | D:3      | Reached XP level 6. HP: 28/51 MP: 3/11
  2771 | D:3      | Reached skill level 6 in Conjurations
  4078 | D:4      | Found a glowing golden altar of the Shining One.
  4083 | D:4      | Your scales start taking on a glossy black colour.
  4083 | D:4      | Reached XP level 7. HP: 54/58 MP: 6/12
  4083 | D:4      | Gained mutation: You are resistant to electric shocks.
                  | (rElec) [Black Draconian growth]
  4943 | D:5      | Entered Level 5 of the Dungeon
  5115 | D:5      | Found Mingexzom's Antique Armour Boutique.
  5128 | D:5      | Reached skill level 7 in Conjurations
  5184 | D:5      | Bought a runed hat for 175 gold pieces
  5488 | D:5      | Noticed Ijyb
  5491 | D:5      | Killed Ijyb
  5640 | D:5      | Found a white marble altar of Elyvilon.
  5765 | D:5      | Reached XP level 8. HP: 59/67 MP: 5/14
  6296 | D:5      | Reached skill level 5 in Fighting
  6296 | D:5      | Reached skill level 8 in Conjurations
  6686 | D:6      | Noticed Duvessa
  6692 | D:6      | Noticed Dowan
  6704 | D:6      | Killed Duvessa
  6704 | D:6      | Reached skill level 5 in Spellcasting
  7108 | D:6      | Found a staircase to the Ecumenical Temple.
  7120 | Temple   | Entered the Ecumenical Temple
  7318 | Temple   | Became a worshipper of Vehumet
  7335 | D:6      | Identified the Guide on the Mountains and Enhancements
  7419 | D:5      | Killed Dowan
  7695 | D:6      | Reached skill level 9 in Conjurations
  8240 | D:6      | Reached XP level 9. HP: 75/75 MP: 10/17
  8346 | D:6      | Noticed Pikel
  8354 | D:6      | Killed Pikel
  8496 | D:6      | Found Gash's Assorted Antiques.
  8567 | D:6      | Learned a level 5 spell: Iskenderun's Battlesphere
  8842 | D:6      | Found an ornate altar of the Wu Jian Council.
  8852 | D:6      | Found an iron altar of Okawaru.
  8856 | D:6      | Found an opulent altar of Gozag.
  8986 | D:7      | Identified a scroll of acquirement
  9086 | D:7      | Reached skill level 10 in Conjurations
  9187 | D:7      | Found a stormy altar of Qazlal.
  9308 | D:7      | Reached skill level 1 in Charms
  9534 | D:7      | Reached * piety under Vehumet
  9534 | D:7      | Offered knowledge of Freeze by Vehumet.
  9840 | D:7      | Noticed a white ugly thing
  9851 | D:7      | Slain by a white ugly thing

Levels and vault maps discovered:
D:1:      roderic_chinese_lattice_arrival, layout_loops_cross
D:2:      layout_rooms, nemelex_xobeh_ov_fountains_minmay, uniq_robin
D:3:      layout_loops_ring, serial_park_tiny_1, nrook_campfire
D:4:      layout_rooms, nicolae_overflow_crystal_walls
D:5:      layout_basic, elyvilon_altar_3, first_ration, serial_shops, shop,
          minmay_diced_spiral, uniq_ijyb
D:6:      layout_rooms, minmay_overflow_temple_star_quad,
          minmay_temple_entry_junction_2, serial_glass, glass_columns_a,
          glass_columns_b, glass_columns_a, glass_columns_a, glass_columns_b,
          glass_columns_b, glass_columns_c, glass_columns_c, glass_columns_a,
          glass_columns_a, serial_shops, nicolae_shop_window_shopping,
          portal_sewer_entry_b, uniq_pikel, uniq_duvessa
D:7:      layout_basic, grunt_qazlal_clouds, grunt_livestock
Temple:   nicolae_temple_figure_eight

Skill      XL: |  1  2  3  4  5  6  7  8  9 |
---------------+----------------------------+-----
Fighting       | 1 2 3 4 6 7 |  7.0
Conjurations   | 5 6 7 9 10 | 10.2
Spellcasting   | 3 4 5 6 |  6.3
Charms         | 1 |  1.3
Dodging        | |  1.7
Stealth        | |  1.7

Action                   |  1- 3 |  4- 6 |  7- 9 || total
-------------------------+-------+-------+-------++-------
Melee: Unarmed           |    16 |       |       ||    16
       Tailslap          |     2 |       |       ||     2
       Spear             |       |       |     8 ||     8
 Fire: Hunting sling     |    41 |    17 |    48 ||   106
 Cast: Magic Dart        |    65 |   112 |   230 ||   407
       Searing Ray       |     1 |     6 |    25 ||    32
       Iskenderun's Myst |       |       |     8 ||     8
 Abil: Breathe Lightning |       |       |     2 ||     2
  Use: Scroll            |       |       |    12 ||    12
       Potion            |       |       |     1 ||     1
  Eat: Chunk             |     3 |     7 |    15 ||    25
       Ration            |       |       |     1 ||     1
Armor: Skin              |    11 |     7 |    64 ||    82
Dodge: Dodged            |    31 |    18 |   102 ||   151
